AoeStats
← 白鹿城拉车车

Black Forest

507972485Analyzed
4v4 RM · 11d ago on Sep 20, 2026· 45m 36s· 8 players
Game mode
Random Map
Map size
Large (8 player)
Population
200
Speed
Normal
Resources
Standard
Victory
Conquest
Starting age
Dark Age
Ending age
Imperial Age
RankedLock teamsTeams togetherTeam positionsShared explorationLock speedFull tech treeHidden civsTurbo modeCheats
Victory
Defeat
🇨🇳 Mongols · China
1454
+15
🇩🇪 Britons · Germany
1433
+16
🇻🇳 Mongols · Vietnam
1382
+18
🇹🇼 Italians · Taiwan
1329
+20
🇭🇰 Turks · Hong Kong SAR China
1464
-19
🇭🇰 Poles · Hong Kong SAR China
1429
-17
1415
-17
🇨🇳 Jurchens · China
1392
-16
白鹿城拉车车
11:54 Feudal Age
15:35 Castle Age
13:54 Double-Bit Axe
16:39 Bow Saw
19:06 Wheelbarrow
18:16 Fishing Lines
19:03 Scale Barding Armor
26:13 Forging
27:07 Chain Barding Armor
28:35 Bloodlines
29:01 Husbandry
32:51 Iron Casting
34:12 Fletching
35:07 Stone Mining
35:09 Gold Mining
35:55 Loom
39:50 Bodkin Arrow
39:55 Padded Archer Armor
45:19 Gold Shaft Mining
46:02 Masonry
46:13 Ballistics
LinG寶寶
5:26 Loom
13:07 Feudal Age
13:15 Man-at-Arms
15:49 Double-Bit Axe
16:08 Horse Collar
20:10 Wheelbarrow
23:31 Castle Age
21:48 Scale Barding Armor
21:53 Forging
21:36 Gold Mining
23:19 Bloodlines
24:45 Husbandry
25:36 Szlachta Privileges
26:17 Chain Barding Armor
31:02 Hand Cart
39:43 Imperial Age
38:51 Iron Casting
39:48 Cavalier
41:29 Blast Furnace
40:52 Conscription
屌炸天
0:27 Loom
13:08 Feudal Age
17:36 Double-Bit Axe
19:16 Horse Collar
22:18 Castle Age
23:51 Horse Collar
28:53 Imperial Age
33:42 Bow Saw
33:51 Padded Archer Armor
菜B老外输了就骂
3:46 Loom
8:36 Feudal Age
9:09 Double-Bit Axe
9:52 Man-at-Arms
11:26 Wheelbarrow
13:31 Fletching
18:13 Forging
18:24 Horse Collar
20:37 Gold Mining
27:01 Castle Age
24:57 Stone Mining
28:38 Hand Cart
28:08 Town Watch
28:39 Bodkin Arrow
28:48 Heavy Plow
29:03 Bow Saw
28:56 Crossbowman
29:41 Thumb Ring
29:58 Elite Skirmisher
31:10 Padded Archer Armor
31:12 Squires
32:51 Scale Mail Armor
33:09 Leather Archer Armor
37:29 Imperial Age
37:18 Gold Shaft Mining
37:20 Ballistics
38:57 Conscription
37:59 Arbalester
43:02 Bracer
44:11 Chemistry
hoot
8:17 Feudal Age
8:22 Man-at-Arms
10:04 Arson
16:41 Loom
18:17 Fishing Lines
21:56 Castle Age
20:34 Fletching
22:03 Gold Mining
22:04 Stone Mining
22:10 Stone Mining
22:37 Bodkin Arrow
22:45 Gillnets
23:09 Double-Bit Axe
24:37 Bow Saw
26:22 Wheelbarrow
26:56 Horse Collar
31:17 Imperial Age
30:01 Padded Archer Armor
30:56 Gold Shaft Mining
31:08 Leather Archer Armor
31:10 Thumb Ring
32:06 Bracer
32:17 Bloodlines
32:08 Husbandry
33:11 Conscription
34:28 Ballistics
34:58 Capped Ram
35:45 Town Watch
36:16 Hand Cart
36:19 Siege Ram
36:24 Elite Mangudai
38:44 Parthian Tactics
40:33 Masonry
41:24 Chemistry
42:38 Drill
43:15 Coinage
45:54 Banking
jay155047
1:29 Loom
13:00 Feudal Age
17:00 Double-Bit Axe
20:06 Castle Age
19:36 Fletching
Fanume
6:23 Loom
12:03 Feudal Age
14:36 Double-Bit Axe
17:01 Castle Age
15:44 Fishing Lines
16:55 Wheelbarrow
18:10 Bow Saw
22:31 Hand Cart
28:54 Fletching
30:06 Bodkin Arrow
30:12 Padded Archer Armor
32:59 Ballistics
32:24 Horse Collar
32:36 Gold Mining
32:36 Stone Mining
34:08 Town Watch
34:28 Heavy Plow
35:04 Gold Shaft Mining
35:06 Yeomen
38:40 Imperial Age
36:49 Leather Archer Armor
36:21 Pikeman
37:59 Masonry
37:23 Man-at-Arms
37:49 Gambesons
38:05 Squires
37:50 Arson
39:44 Bracer
40:15 Ring Archer Armor
40:54 Chemistry
39:34 Elite Longbowman
41:17 Conscription
42:02 Ring Archer Armor
42:29 Scale Mail Armor
42:39 Forging
42:59 Siege Engineers
NPChinh
11:03 Loom
13:30 Feudal Age
14:06 Fishing Lines
14:14 Double-Bit Axe
20:56 Castle Age
19:12 Forging
19:07 Scale Barding Armor
18:58 Horse Collar
20:20 Bloodlines
20:15 Stone Mining
21:50 Gillnets
22:08 Husbandry
22:49 Light Cavalry
24:03 Heavy Plow
29:19 Iron Casting
29:32 Wheelbarrow
30:23 Gold Mining
32:06 Fletching
34:57 Gold Shaft Mining
36:05 Chain Barding Armor
39:36 Imperial Age
37:26 Bow Saw
40:06 Elite Steppe Lancer
41:50 Blast Furnace
41:12 Conscription
41:45 Stone Shaft Mining
43:16 Coinage
44:02 Drill
44:18 Hoardings
44:05 Hand Cart
Connection lost

Rejoining the realm…

Still unreachable

The connection could not be restored.

Session expired

The server has moved on; the page needs a fresh start.